 Dungeon Crawl Stone Soup version 0.26.1-11-gd32895ea62 (webtiles) character file.

Game seed: 10199054865461855958

525 Zeld the Shield-Bearer (level 7, -1/48 HPs)
             Began as an Octopode Fighter on May 9, 2021.
             Shot with an arrow by a centaur (13 damage)
             ... on level 5 of the Dungeon.
             The game lasted 00:18:50 (6551 turns).

Zeld the Shield-Bearer (Octopode Fighter)           Turns: 6551, Time: 00:18:50

Health: -1/48      AC:  1    Str: 17    XL:     7   Next: 22%
Magic:  7/7        EV: 12    Int: 11    God:
Gold:   177        SH:  9    Dex: 11    Spells: 6/6 levels left

rFire    . . .     SeeInvis .   a - +1 war axe
rCold    . . .     Faith    .   b - +0 kite shield
rNeg     . . .     Spirit   .   (helmet restricted)
rPois    .         Reflect  .   (no amulet)
rElec    .         Harm     .   g - ring of willpower
rCorr    .         Rampage  .   (no ring)
Will     +....                  (no ring)
Stlth    ++........             (no ring)
HPRegen  0.16/turn              (no ring)
MPRegen  0.10/turn              (no ring)
                                (no ring)
                                (no ring)

@: no status effects
A: almost no armour, stealthy swim, amphibious, 8 rings, constrict 8, camouflage
1, gelatinous body 1
a: no special abilities


You were on level 5 of the Dungeon.
You visited 1 branch of the dungeon, and saw 5 of its levels.

You collected 177 gold pieces.

Inventory:

Hand Weapons
 a - a +1 war axe (weapon)
Missiles
 j - 15 poisoned darts (quivered)
Armour
 b - a +0 kite shield (worn)
Jewellery
 g - a ring of willpower (left tentacle)
Wands
 l - a wand of iceblast (8)
Scrolls
 d - 2 scrolls of fear
 e - a scroll of remove curse
 k - 4 scrolls of teleportation
 o - a scroll of amnesia {unknown}
Potions
 c - 2 potions of might
 f - a potion of invisibility
 h - a potion of attraction {unknown}
 i - a potion of flight
 m - a potion of haste
 n - a potion of curing
 p - 2 potions of heal wounds {unknown}


   Skills:
 - Level 4.1 Fighting
 - Level 4.4 Axes
 * Level 3.4 Throwing
 - Level 3.0 Dodging
 - Level 5.0 Shields


You had 6 spell levels left.
You didn't know any spells.
Your spell library contained the following spells:

 Spells                   Type           Power        Failure   Level
 Corona                   Hex            0%           78%         1
 Ensorcelled Hibernation  Hex/Ice        0%           89%         2
 Confusing Touch          Hex            0%           98%         3
 Dazzling Flash           Conj/Hex       0%           98%         3
 Gell's Gravitas          Tloc           0%           98%         3
 Tukima's Dance           Hex            0%           98%         3
 Petrify                  Tmut/Erth      0%           100%        4
 Metabolic Englaciation   Hex/Ice        0%           100%        5
 Yara's Violent Unravell  Hex/Tmut       0%           100%        5


Dungeon Overview and Level Annotations

Branches:
Dungeon (5/15)
 Temple: D:4-7

Altars:
Cheibriados
Nemelex Xobeh


Innate Abilities, Weirdness & Mutations

You cannot wear most types of armour.
You are very stealthy in the water. (Stealth+)
You are amphibious.
You can wear up to eight rings at the same time.
You can use your tentacles to constrict eight enemies at once.
Your skin changes colour to match your surroundings (Stealth+).
Your rubbery body absorbs attacks. (AC +1, EV +1)


Message History

The centaur wields a +0 shortbow.
The centaur shoots an arrow.
The arrow barely misses you.
The centaur shoots an arrow.
You block the arrow.
The ufetubus shouts!
You see here 2 arrows.
The centaur shoots an arrow.
The arrow hits you.
The centaur shoots an arrow.
The arrow hits you!
You see here 3 arrows.
The centaur shoots an arrow.
The arrow misses you. The ufetubus hits you. The ufetubus closely misses you.
The ufetubus closely misses you. The ufetubus hits you. The ufetubus hits you.
The ufetubus hits you but does no damage.
The ufetubus closely misses you.
The ufetubus hits you but does no damage.
The ufetubus misses you. The ufetubus closely misses you.
The centaur shoots an arrow.
The arrow hits you!
* * * LOW HITPOINT WARNING * * *
You see here an arrow.
The centaur shoots an arrow.
The arrow hits you!
You die...

##.......##..##
#........###..#
.........#...##
.............#
).....†......#
.........##c.#
............###.5#
.....##....## ##(#
(....#......## #@##
....##.......###..#
....#.........##..####
.........#...........#
.................##.##
.............)...####
............##...#
..........####...#
##.......## #...#


You could see a centaur and an ufetubus.

Vanquished Creatures
  A sky beast (D:5)
  A phantom (D:4)
  2 hounds
  A jelly (D:5)
  A bullfrog skeleton (D:5)
  Ijyb (D:3)
  An orc wizard (D:3)
  A worker ant (D:4)
  4 adders
  An ooze (D:2)
  An adder skeleton (D:4)
  A dart slug (D:1)
  2 leopard geckos (D:4)
  10 orcs
  8 bats
  14 giant cockroaches
  7 goblins
  5 hobgoblins
  15 jackals
  8 kobolds
  5 quokkas
  A ball python (D:1)
  6 frilled lizards
  A leopard gecko skeleton (D:4)
  2 rats (D:2)
100 creatures vanquished.

Notes
Turn   | Place    | Note
-------+----------+-------------------------------------------
     0 | D:1      | Zeld the Octopode Fighter began the quest for the Orb.
     0 | D:1      | Reached XP level 1. HP: 16/16 MP: 1/1
   359 | D:1      | Reached XP level 2. HP: 21/21 MP: 2/2
   633 | D:1      | Reached XP level 3. HP: 26/26 MP: 3/3
  1718 | D:2      | Found a snail-covered altar of Cheibriados.
  1813 | D:2      | Reached XP level 4. HP: 30/31 MP: 4/4
  2127 | D:2      | Reached skill level 4 in Shields
  2848 | D:3      | Noticed Ijyb
  2870 | D:3      | Killed Ijyb
  2871 | D:3      | Reached XP level 5. HP: 18/36 MP: 5/5
  3069 | D:3      | Found a sparkling altar of Nemelex Xobeh.
  4369 | D:4      | Noticed a phantom
  4377 | D:4      | Killed a phantom
  4378 | D:4      | Reached XP level 6. HP: 19/43 MP: 6/6
  4851 | D:4      | Reached skill level 5 in Shields
  5878 | D:5      | Entered Level 5 of the Dungeon
  5897 | D:5      | Noticed a sky beast
  5940 | D:5      | Reached skill level 1 in Throwing
  6039 | D:5      | Killed a sky beast
  6040 | D:5      | Reached XP level 7. HP: 22/48 MP: 7/7
  6551 | D:5      | Shot with an arrow by a centaur

Illustrated notes

Levels and vault maps discovered:
D:1:      erik_arrival_triangle_small, layout_rooms, minmay_misc_feat_encased,
          minmay_worlds_worst_comb
D:2:      layout_loops_ring, cheibriados_altar_1
D:3:      layout_loops_ring, nemelex_lonely_heart_becter, uniq_ijyb
D:4:      layout_loops_corners
D:5:      layout_layer_cave

Skill      XL: |  1  2  3  4  5  6  7 |
---------------+----------------------+-----
Axes           | 3 4 |  4.4
Shields        | 4 5 |  5.0
Fighting       | 4 |  4.1
Throwing       | 2 3 |  3.4
Dodging        | |  3.0

Action                   |  1- 3 |  4- 6 |  7- 9 || total
-------------------------+-------+-------+-------++-------
Melee: War axe           |    68 |   115 |    13 ||   196
       Constrict         |    19 |    31 |     3 ||    53
       Tentacles         |    15 |    22 |     1 ||    38
Throw: Dart              |       |     6 |       ||     6
Evoke: Wand              |       |     2 |       ||     2
  Use: Scroll            |       |    11 |       ||    11
       Potion            |       |     2 |       ||     2
 Stab: Sleeping          |     8 |     6 |       ||    14
Armor: Skin              |     3 |     7 |     2 ||    12
Dodge: Dodged            |    30 |    57 |    11 ||    98
Block: Kite shield       |    21 |    45 |     6 ||    72
